AoeStats
← hadibaaayım

Four Lakes

508383687Analyzed
1v1 RM · 9d ago on Sep 22, 2026· 65m 1s· 2 players
Game mode
Random Map
Map size
Tiny (2 player)
Population
200
Speed
Normal
Resources
Standard
Victory
Conquest
Starting age
Dark Age
Ending age
Imperial Age
RankedLock teamsTeams togetherTeam positionsShared explorationLock speedFull tech treeHidden civsTurbo modeCheats
Victory
Defeat
🇹🇷 Franks · Türkiye
984
+15
🇪🇨 Lithuanians · Ecuador
955
-15
[TKILLA] Elmiko
12:56 Feudal Age
13:41 Double-Bit Axe
14:02 Gold Mining
14:12 Loom
17:07 Castle Age
15:33 Horse Collar
17:11 Crossbowman
17:57 Thumb Ring
21:36 Fletching
23:32 Bodkin Arrow
25:36 Wheelbarrow
24:51 Town Watch
28:49 Forging
28:45 Scale Barding Armor
34:22 Imperial Age
33:40 Heavy Plow
34:36 Hand Cart
34:33 Town Patrol
35:16 Bloodlines
35:07 Husbandry
35:32 Conscription
35:14 Hill Forts
37:06 Light Cavalry
39:28 Iron Casting
39:22 Bracer
40:05 Cavalier
42:31 Ballistics
43:11 Chemistry
42:08 Murder Holes
42:23 Masonry
43:26 Tower Shields
43:46 Conscription
44:51 Crop Rotation
44:38 Bow Saw
46:41 Hill Forts
47:17 Hoardings
46:37 Paladin
46:46 Winged Hussar
49:24 Chain Barding Armor
49:40 Architecture
52:25 Plate Barding Armor
hadibaaayım
1:27 Loom
11:09 Feudal Age
12:02 Double-Bit Axe
12:54 Gold Mining
13:49 Fishing Lines
15:06 Stone Mining
18:01 Forging
17:57 Scale Barding Armor
19:41 Padded Archer Armor
19:32 Fletching
26:49 Castle Age
28:04 Bow Saw
30:31 Husbandry
29:51 Light Cavalry
31:47 Wheelbarrow
30:57 Town Watch
32:59 Hand Cart
32:57 Town Patrol
34:04 Gold Shaft Mining
35:27 Gillnets
37:06 Town Patrol
40:46 Chain Barding Armor
41:03 Iron Casting
43:38 Imperial Age
43:14 Coinage
42:45 Caravan
43:46 Leather Archer Armor
43:26 Bodkin Arrow
43:52 Cavalier
46:02 Plate Barding Armor
46:28 Blast Furnace
47:09 Plate Barding Armor
47:35 Blast Furnace
47:41 Banking
47:57 Murder Holes
48:13 Masonry
48:24 Ballistics
47:55 Guard Tower
50:27 Architecture
50:03 Siege Engineers
50:59 Chemistry
51:57 Paladin
56:48 Conscription
56:29 Chivalry
Connection lost

Rejoining the realm…

Still unreachable

The connection could not be restored.

Session expired

The server has moved on; the page needs a fresh start.